 Dungeon Crawl Stone Soup version 0.21.1-1-g345015f (webtiles) character file.

8878 tidbits the Thaumaturge (level 11, 0/81 HPs)
             Began as a Gnoll Fire Elementalist on Feb 6, 2018.
             Was an Elder of Cheibriados.
             Killed from afar by an efreet (30 damage)
             ... with a bolt of fire
             ... on level 12 of the Dungeon.
             The game lasted 00:38:17 (3043 turns).

tidbits the Thaumaturge (Gnoll Fire Elementalist)   Turns: 3043, Time: 00:38:18

Health: 0/81       AC:  6    Str: 20    XL:     11   Next: 37%
Magic:  2/23       EV: 18    Int: 35    God:    Cheibriados [****..]
Gold:   362        SH: 12    Dex: 26    Spells: 11/26 levels left

rFire    . . .     SeeInvis .   b - +1 long sword "Uporphuocs" {flame, +Fly rElec rN+ Int+2}
rCold    + . .     Gourm    .   A - +0 shield
rNeg     + . .     Faith    .   B - +0 robe
rPois    .         Spirit   .   E - +0 helmet
rElec    +         Reflect  .   (no cloak)
rCorr    .         Harm     .   G - +0 pair of gloves
MR       +....                  F - +0 pair of boots
Stlth    ++++......             R - amulet of regeneration
HPRegen  0.63/turn              H - ring of protection from magic
MPRegen  0.18/turn              W - ring of wizardry

@: very slow
A: distributed training, fangs 1, talons 1, clever 1, cold resistance 1, subdued
magic 1, strong nose
a: Bend Time, Temporal Distortion, Slouch, Renounce Religion, Evoke Flight


You were on level 12 of the Dungeon.
You worshipped Cheibriados.
Cheibriados was greatly pleased with you.
You were not hungry.

You visited 2 branches of the dungeon, and saw 14 of its levels.

You collected 578 gold pieces.
You spent 216 gold pieces at shops.

Inventory:

Hand Weapons
 a - a +2 dagger of pain
   (You took it off an orc on level 5 of the Dungeon)
 b - the +1 long sword "Uporphuocs" (weapon) {flame, +Fly rElec rN+ Int+2}
   (You found it on level 7 of the Dungeon)

   It has been specially enchanted to burn those struck by it, causing extra
   injury to most foes and up to half again as much damage against particularly
   susceptible opponents.
   Big, fiery blades are also staple armaments of hydra-hunters.
   It affects your intelligence (+2).
   It insulates you from electricity.
   It protects you from negative energy.
   It lets you fly.
 g - a +0 war axe
 u - a +0 shortbow
 v - a +0 dagger
 I - a +2 flail of draining
   (You took it off an orc priest on level 8 of the Dungeon)
 Q - a +0 hunting sling
 S - a +3 quarterstaff of protection
   (You took it off Joseph on level 10 of the Dungeon)
Missiles
 f - 146 arrows
 h - 5 tomahawks (quivered)
 j - 89 stones
 T - 5 sling bullets
Armour
 o - a +0 ring mail
 w - a +2 scale mail of poison resistance
   (You found it on level 6 of the Dungeon)
 A - a +0 shield (worn)
 B - a +0 robe (worn)
 D - a +0 buckler
 E - a +0 helmet (worn)
 F - a +0 pair of boots (worn)
 G - a +0 pair of gloves (worn)
 U - a +0 leather armour of fire resistance
   (You took it off Joseph on level 10 of the Dungeon)
Jewellery
 H - a ring of protection from magic (left hand)
   (You found it on level 8 of the Dungeon)
 K - an uncursed ring of resist corrosion
   (You found it on level 5 of the Dungeon)
 R - an amulet of regeneration (around neck)
   (You found it on level 2 of the Dungeon)
 V - an uncursed ring of teleportation
   (You found it on level 10 of the Dungeon)
 W - a ring of wizardry (right hand)
   (You found it on level 6 of the Dungeon)
Wands
 d - a wand of digging (14)
 x - a wand of flame (35)
 N - a wand of iceblast (8)
Scrolls
 i - a scroll of random uselessness
 k - 5 scrolls of teleportation
 q - 2 scrolls of enchant weapon {unknown}
 r - a scroll of immolation {unknown}
 s - a scroll of summoning
 L - a scroll of magic mapping {unknown}
 M - 2 scrolls of fear
Potions
 l - 4 potions of heal wounds
 m - a potion of haste {unknown}
 n - 2 potions of berserk rage
 p - a potion of resistance
 t - 2 potions of cancellation {unknown}
 z - a potion of curing
 C - a potion of might
 O - a potion of flight
Books
 y - a book of Flames

   Spells                             Type                      Level
   a - Flame Tongue                   Conjuration/Fire             1
   b - Throw Flame                    Conjuration/Fire             2
   c - Conjure Flame                  Conjuration/Fire             3
   d - Inner Flame                    Hexes/Fire                   3
   e - Sticky Flame                   Conjuration/Fire             4
   f - Fireball                       Conjuration/Fire             5
 J - a book of Air
   (You found it on level 8 of the Dungeon)

   Spells                             Type                      Level
   a - Shock                          Conjuration/Air              1
   b - Swiftness                      Charms/Air                   2
   c - Static Discharge               Conjuration/Air              3
   d - Airstrike                      Air                          4
   e - Lightning Bolt                 Conjuration/Air              5
Miscellaneous
 P - a phantom mirror
Comestibles
 c - 19 rations


   Skills:
 + Level 6.1 Fighting
 + Level 6.1 Short Blades
 + Level 6.1 Long Blades
 + Level 6.1 Axes
 + Level 6.1 Maces & Flails
 + Level 6.1 Polearms
 + Level 6.1 Staves
 + Level 6.1 Slings
 + Level 6.1 Bows
 + Level 6.1 Crossbows
 + Level 6.1 Throwing
 + Level 6.1 Armour
 + Level 7.7 Dodging
 + Level 7.5 Stealth
 + Level 6.1 Shields
 + Level 6.1 Unarmed Combat
 + Level 8.0 Spellcasting
 + Level 5.5 Conjurations
 + Level 5.0 Hexes
 + Level 5.0 Charms
 + Level 5.0 Summonings
 + Level 5.0 Necromancy
 + Level 5.0 Translocations
 + Level 5.0 Transmutations
 + Level 7.5 Fire Magic
 + Level 5.0 Ice Magic
 + Level 5.0 Air Magic
 + Level 5.0 Earth Magic
 + Level 5.0 Poison Magic
 + Level 6.7 Invocations
 + Level 6.1 Evocations


You had 11 spell levels left.
You knew the following spells:

 Your Spells              Type           Power        Failure   Level  Hunger
a - Flame Tongue          Conj/Fire      #####        1%          1    None
c - Conjure Flame         Conj/Fire      #####...     1%          3    None
f - Fireball              Conj/Fire      #####.....   6%          5    ###....
j - Throw Flame           Conj/Fire      #####.       1%          2    None
t - Sticky Flame          Conj/Fire      #####...     1%          4    None


Dungeon Overview and Level Annotations

Branches:
Dungeon (12/15)            Temple (0/1) D:7            Lair (2/6) D:10
    Orc (0/2) D:11
  Swamp: Lair:2-4    Shoals: Lair:2-4     Snake: Lair:2-4    Spider: Lair:2-4

Altars:
Cheibriados
Dithmenos
Fedhas
Okawaru
Vehumet
Wu Jian

Shops:
D:7 =(!

Annotations:
D:11 exclusion: yak, Nergalle
Lair:1 1 transporter


Innate Abilities, Weirdness & Mutations

Your experience applies equally to all skills.
You have very sharp teeth.
Your uncanny sense of smell can sniff out nearby items.
You have sharp toenails.
Your mind is acute. (Int +2)
Your flesh is cold resistant. (rC+)
Your spells are a little easier to cast, but a little less powerful.


Message History

Unknown command.
Your surroundings suddenly seem different.
You hear a distant blaring wail to the east.
Something hits you.
* * * LOW HITPOINT WARNING * * *
Unknown command.
Okay, then.
Evoke which item? (* to show all) (? for menu, Esc to quit)
Aiming: Dig
Press: ? - help, Shift-Dir - straight line, f - you The rock shatters into small pieces.
Something hits you.
* * * LOW HITPOINT WARNING * * *
Something hits you but does no damage.
Unknown command.
You block something's attack.
Unknown command.
You hear a distant blaring wail to the east.
Something hits you but does no damage.
Unknown command.
Something barely misses you. Something completely misses you.
Something hits you!
* * * LOW HITPOINT WARNING * * *
Found 2 curare-tipped needles.
Casting: Flame Tongue
Confirm with . or Enter, or press ? or * to list all spells.
Aiming: Sticky Flame
Press: ? - help, Shift-Dir - straight line, f - you The sticky flame hits something.
The unseen horror is covered in liquid flames!
An unseen horror comes into view.
The unseen horror burns!
You block the unseen horror's attack.
Casting: Sticky Flame
Confirm with . or Enter, or press ? or * to list all spells.
Aiming: Flame Tongue
Press: ? - help, Shift-Dir - straight line, f - unseen horror
Aim: an unseen horror (moderately wounded, slightly transparent, covered in liquid flames)
The flame tongue hits the unseen horror.
The unseen horror is moderately wounded.
The unseen horror burns!
The unseen horror misses you.
Casting: Flame Tongue
Confirm with . or Enter, or press ? or * to list all spells.
Aiming: Flame Tongue
Press: ? - help, Shift-Dir - straight line, f/p - unseen horror
Aim: an unseen horror (heavily wounded, slightly transparent, covered in liquid flames)
The flame tongue hits the unseen horror.
The unseen horror appears unharmed.
The unseen horror is heavily wounded.
The unseen horror burns!
The unseen horror misses you.
Casting: Flame Tongue
Confirm with . or Enter, or press ? or * to list all spells.
Aiming: Flame Tongue
Press: ? - help, Shift-Dir - straight line, f/p - unseen horror
Aim: an unseen horror (severely wounded, slightly transparent, covered in liquid flames)
The flame tongue hits the unseen horror.
The unseen horror is almost dead.
The unseen horror burns!
Something barely misses you. Something hits you!
* * * LOW HITPOINT WARNING * * *
Casting: Flame Tongue
Confirm with . or Enter, or press ? or * to list all spells.
You don't have enough magic to cast that spell.
You don't have enough magic at the moment.
Casting: Flame Tongue
Confirm with . or Enter, or press ? or * to list all spells.
Aiming: Flame Tongue
Press: ? - help, Shift-Dir - straight line, f - you Something barely misses you.
Something hits you.
* * * LOW HITPOINT WARNING * * *
Casting: Flame Tongue
Confirm with . or Enter, or press ? or * to list all spells.
Aiming: Flame Tongue
Press: ? - help, Shift-Dir - straight line, f - you The flame tongue hits something.
Cheibriados thoroughly appreciates the change of pace.
Your Spellcasting skill increases to level 8!
You feel a bit more experienced.
An efreet comes into view. It is wielding a scimitar of flaming.
Put on which piece of jewellery? (? for menu, Esc to quit)
Okay, then.
Evoke which item? (* to show all) (? for menu, Esc to quit)
Aiming: Iceblast
Press: ? - help, Shift-Dir - straight line The mass of ice explodes!
The iceblast engulfs the efreet.
The efreet is frozen!
The efreet is moderately wounded.
You hear a shout! x2
The efreet gestures at you. The bolt of fire misses you.
Evoke which item? (* to show all) (? for menu, Esc to quit)
Aiming: Iceblast
Press: ? - help, Shift-Dir - straight line The mass of ice explodes!
The iceblast engulfs the efreet.
The efreet is frozen!
The efreet is severely wounded.
You hear a shout!
The efreet gestures at you. The bolt of fire hits you!
You die...

##################
..................
..................
########.#########
##.## ##.## ##.##
#######.#######
.......@....... ∆
.......(.......
.............R§
###############


You could see an efreet.

Vanquished Creatures
  The ghost of Monsterracer the Martial Artist, a journeyman HuFi of Hepliaklqana (D:8)
  An unseen horror (D:12)
  A deep elf mage (D:12)
  An ugly thing (D:12)
  A manticore (D:7)
  2 centaur zombies (D:10)
  Joseph (D:10)
  A centaur skeleton (D:11)
  A redback zombie (D:12)
  The ghost of tidbits the Insei, an amateur GnTm of Cheibriados (D:4)
  3 blink frogs (Lair:1)
  4 yaks (D:10)
  Eustachio (D:6)
  4 hogs (D:7)
  A human (D:7)
  A wyvern (D:9)
  A warg (D:11)
  A water moccasin (D:8)
  2 ice beasts
  2 black bears
  6 orc warriors
  A sky beast (D:11)
  A necrophage (D:8)
  2 ogres (D:5)
  4 centaurs
  3 bullfrogs (D:7)
  2 scorpions (D:9)
  A howler monkey (D:5)
  2 crimson imps (D:7)
  2 jellies
  3 orc priests
  4 hounds
  A bullfrog skeleton (D:5)
  9 orc wizards
  7 worker ants
  A worker ant zombie (D:11)
  A howler monkey skeleton (D:6)
  5 adders
  2 oozes
  2 worms
  A leopard gecko (D:7)
  24 orcs
  2 giant cockroaches
  8 hobgoblins
  3 jackals
  4 kobolds
  5 quokkas
  2 ball pythons
  9 bats
  3 frilled lizards
  A giant cockroach zombie (D:6)
  9 goblins
  4 rats
165 creatures vanquished.

Notes
Turn   | Place    | Note
-------+----------+-------------------------------------------
     0 | D:1      | tidbits the Gnoll Fire Elementalist began the quest for the Orb.
     0 | D:1      | Reached XP level 1. HP: 13/13 MP: 6/6
    45 | D:1      | Reached skill level 2 in Conjurations
    64 | D:1      | Reached XP level 2. HP: 6/19 MP: 2/7
    72 | D:1      | Learned a level 2 spell: Throw Flame
   364 | D:2      | Reached XP level 3. HP: 22/25 MP: 0/9
   373 | D:3      | Reached skill level 5 in Spellcasting
   414 | D:2      | Found a snail-covered altar of Cheibriados.
   422 | D:2      | Became a worshipper of Cheibriados the Contemplative
   507 | D:2      | Reached skill level 1 in Invocations
   533 | D:2      | Reached skill level 1 in Fighting
   533 | D:2      | Reached skill level 1 in Short Blades
   533 | D:2      | Reached skill level 1 in Long Blades
   533 | D:2      | Reached skill level 1 in Axes
   533 | D:2      | Reached skill level 1 in Maces & Flails
   533 | D:2      | Reached skill level 1 in Polearms
   533 | D:2      | Reached skill level 1 in Staves
   533 | D:2      | Reached skill level 1 in Slings
   533 | D:2      | Reached skill level 1 in Bows
   533 | D:2      | Reached skill level 1 in Crossbows
   533 | D:2      | Reached skill level 1 in Throwing
   533 | D:2      | Reached skill level 1 in Armour
   533 | D:2      | Reached skill level 1 in Shields
   533 | D:2      | Reached skill level 1 in Unarmed Combat
   533 | D:2      | Reached skill level 1 in Evocations
   573 | D:1      | Reached XP level 4. HP: 32/32 MP: 3/11
   699 | D:3      | Reached * piety under Cheibriados
   729 | D:4      | Reached skill level 1 in Hexes
   729 | D:4      | Reached skill level 1 in Charms
   729 | D:4      | Reached skill level 1 in Summonings
   729 | D:4      | Reached skill level 1 in Necromancy
   729 | D:4      | Reached skill level 1 in Translocations
   729 | D:4      | Reached skill level 1 in Transmutations
   729 | D:4      | Reached skill level 1 in Ice Magic
   729 | D:4      | Reached skill level 1 in Air Magic
   729 | D:4      | Reached skill level 1 in Earth Magic
   729 | D:4      | Reached skill level 1 in Poison Magic
   736 | D:4      | Reached XP level 5. HP: 37/37 MP: 10/12
   843 | D:5      | Entered Level 5 of the Dungeon
   846 | D:5      | Noticed an ogre
   846 | D:5      | Noticed an ogre
   853 | D:5      | Killed an ogre
   853 | D:5      | Reached skill level 2 in Invocations
   853 | D:5      | Reached XP level 6. HP: 44/44 MP: 7/14
   857 | D:5      | Reached skill level 2 in Fighting
   857 | D:5      | Reached skill level 2 in Short Blades
   857 | D:5      | Reached skill level 2 in Long Blades
   857 | D:5      | Reached skill level 2 in Axes
   857 | D:5      | Reached skill level 2 in Maces & Flails
   857 | D:5      | Reached skill level 2 in Polearms
   857 | D:5      | Reached skill level 2 in Staves
   857 | D:5      | Reached skill level 2 in Slings
   857 | D:5      | Reached skill level 2 in Bows
   857 | D:5      | Reached skill level 2 in Crossbows
   857 | D:5      | Reached skill level 2 in Throwing
   857 | D:5      | Reached skill level 2 in Armour
   857 | D:5      | Reached skill level 5 in Dodging
   857 | D:5      | Reached skill level 2 in Shields
   857 | D:5      | Reached skill level 2 in Unarmed Combat
   857 | D:5      | Reached skill level 2 in Evocations
   866 | D:4      | Learned a level 4 spell: Sticky Flame
   870 | D:4      | Learned a level 3 spell: Conjure Flame
   981 | D:4      | Found a blossoming altar of Fedhas.
  1014 | D:5      | Reached XP level 7. HP: 40/50 MP: 10/15
  1091 | D:5      | Reached skill level 2 in Hexes
  1091 | D:5      | Reached skill level 2 in Charms
  1091 | D:5      | Reached skill level 2 in Summonings
  1091 | D:5      | Reached skill level 2 in Necromancy
  1091 | D:5      | Reached skill level 2 in Translocations
  1091 | D:5      | Reached skill level 2 in Transmutations
  1091 | D:5      | Reached skill level 2 in Ice Magic
  1091 | D:5      | Reached skill level 2 in Air Magic
  1091 | D:5      | Reached skill level 2 in Earth Magic
  1091 | D:5      | Reached skill level 2 in Poison Magic
  1118 | D:4      | Reached ** piety under Cheibriados
  1166 | D:6      | Reached skill level 3 in Conjurations
  1225 | D:6      | Found a shadowy altar of Dithmenos.
  1274 | D:6      | Reached skill level 5 in Stealth
  1326 | D:6      | Reached skill level 3 in Invocations
  1370 | D:6      | Noticed Eustachio
  1389 | D:6      | Killed Eustachio
  1389 | D:6      | Reached skill level 6 in Fire Magic
  1389 | D:6      | Reached XP level 8. HP: 55/57 MP: 5/16
  1463 | D:7      | Reached skill level 3 in Fighting
  1463 | D:7      | Reached skill level 3 in Short Blades
  1463 | D:7      | Reached skill level 3 in Long Blades
  1463 | D:7      | Reached skill level 3 in Axes
  1463 | D:7      | Reached skill level 3 in Maces & Flails
  1463 | D:7      | Reached skill level 3 in Polearms
  1463 | D:7      | Reached skill level 3 in Staves
  1463 | D:7      | Reached skill level 3 in Slings
  1463 | D:7      | Reached skill level 3 in Bows
  1463 | D:7      | Reached skill level 3 in Crossbows
  1463 | D:7      | Reached skill level 3 in Throwing
  1463 | D:7      | Reached skill level 3 in Armour
  1463 | D:7      | Reached skill level 3 in Shields
  1463 | D:7      | Reached skill level 3 in Unarmed Combat
  1463 | D:7      | Reached skill level 3 in Evocations
  1479 | D:7      | Found Vepov's Distillery.
  1484 | D:7      | Bought a potion of curing for 36 gold pieces
  1484 | D:7      | Bought a potion of heal wounds for 60 gold pieces
  1484 | D:7      | Bought a potion of lignification for 36 gold pieces
  1484 | D:7      | Bought a potion of might for 48 gold pieces
  1484 | D:7      | Bought a potion of flight for 36 gold pieces
  1535 | D:7      | Noticed a manticore
  1541 | D:7      | HP: 4/58 [manticore (9)]
  1547 | D:7      | Killed a manticore
  1547 | D:7      | Reached skill level 6 in Spellcasting
  1562 | D:7      | Reached skill level 3 in Hexes
  1562 | D:7      | Reached skill level 3 in Charms
  1562 | D:7      | Reached skill level 3 in Summonings
  1562 | D:7      | Reached skill level 3 in Necromancy
  1562 | D:7      | Reached skill level 3 in Translocations
  1562 | D:7      | Reached skill level 3 in Transmutations
  1562 | D:7      | Reached skill level 3 in Ice Magic
  1562 | D:7      | Reached skill level 3 in Air Magic
  1562 | D:7      | Reached skill level 3 in Earth Magic
  1562 | D:7      | Reached skill level 3 in Poison Magic
  1562 | D:7      | Reached skill level 4 in Invocations
  1562 | D:7      | Reached XP level 9. HP: 19/65 MP: 2/18
  1570 | D:7      | HP: 8/97 [hog (3)]
  1573 | D:7      | Reached skill level 6 in Dodging
  1579 | D:7      | Reached skill level 4 in Fighting
  1579 | D:7      | Reached skill level 4 in Short Blades
  1579 | D:7      | Reached skill level 4 in Long Blades
  1579 | D:7      | Reached skill level 4 in Axes
  1579 | D:7      | Reached skill level 4 in Maces & Flails
  1579 | D:7      | Reached skill level 4 in Polearms
  1579 | D:7      | Reached skill level 4 in Staves
  1579 | D:7      | Reached skill level 4 in Slings
  1579 | D:7      | Reached skill level 4 in Bows
  1579 | D:7      | Reached skill level 4 in Crossbows
  1579 | D:7      | Reached skill level 4 in Throwing
  1579 | D:7      | Reached skill level 4 in Armour
  1579 | D:7      | Reached skill level 4 in Shields
  1579 | D:7      | Reached skill level 4 in Unarmed Combat
  1579 | D:7      | Reached skill level 4 in Conjurations
  1579 | D:7      | Reached skill level 4 in Evocations
  1638 | D:7      | Reached *** piety under Cheibriados
  1639 | D:7      | Found a radiant altar of Vehumet.
  1640 | D:7      | Found an iron altar of Okawaru.
  1720 | D:7      | Found a staircase to the Ecumenical Temple.
  1721 | D:7      | Reached skill level 6 in Stealth
  1757 | D:7      | Found Gosin's Jewellery Boutique.
  1759 | D:7      | Found an ornate altar of the Wu Jian Council.
  1769 | D:7      | Got a polished long sword
  1770 | D:7      | Identified the cursed +1 long sword "Uporphuocs" {flame, +Fly rElec rN+ Int+2} (You found it on level 7 of the Dungeon)
  1905 | D:4      | Noticed tidbits's ghost (amateur GnTm)
  1915 | D:4      | Killed tidbits's ghost
  2035 | D:8      | Noticed Monsterracer's ghost (journeyman HuFi)
  2057 | D:8      | Killed Monsterracer's ghost
  2057 | D:8      | Reached skill level 7 in Spellcasting
  2057 | D:8      | Reached skill level 4 in Hexes
  2057 | D:8      | Reached skill level 4 in Charms
  2057 | D:8      | Reached skill level 4 in Summonings
  2057 | D:8      | Reached skill level 4 in Necromancy
  2057 | D:8      | Reached skill level 4 in Translocations
  2057 | D:8      | Reached skill level 4 in Transmutations
  2057 | D:8      | Reached skill level 4 in Ice Magic
  2057 | D:8      | Reached skill level 4 in Air Magic
  2057 | D:8      | Reached skill level 4 in Earth Magic
  2057 | D:8      | Reached skill level 4 in Poison Magic
  2057 | D:8      | Reached skill level 5 in Invocations
  2057 | D:8      | Reached XP level 10. HP: 27/73 MP: 10/20
  2089 | D:7      | Found Sairchomu's Weapon Shop.
  2313 | D:9      | Learned a level 5 spell: Fireball
  2313 | D:9      | Reached skill level 5 in Fighting
  2313 | D:9      | Reached skill level 5 in Short Blades
  2313 | D:9      | Reached skill level 5 in Long Blades
  2313 | D:9      | Reached skill level 5 in Axes
  2313 | D:9      | Reached skill level 5 in Maces & Flails
  2313 | D:9      | Reached skill level 5 in Polearms
  2313 | D:9      | Reached skill level 5 in Staves
  2313 | D:9      | Reached skill level 5 in Slings
  2313 | D:9      | Reached skill level 5 in Bows
  2313 | D:9      | Reached skill level 5 in Crossbows
  2313 | D:9      | Reached skill level 5 in Throwing
  2313 | D:9      | Reached skill level 5 in Armour
  2313 | D:9      | Reached skill level 5 in Shields
  2313 | D:9      | Reached skill level 5 in Unarmed Combat
  2313 | D:9      | Reached skill level 5 in Evocations
  2367 | D:10     | Entered Level 10 of the Dungeon
  2381 | D:10     | Reached skill level 7 in Dodging
  2381 | D:10     | Reached skill level 7 in Fire Magic
  2400 | D:10     | Found a staircase to the Lair.
  2409 | Lair:1   | Entered Level 1 of the Lair of Beasts
  2448 | Lair:1   | Found a transporter.
  2474 | Lair:1   | HP: 3/74 [blink frog (20)]
  2514 | D:10     | Reached **** piety under Cheibriados
  2593 | D:10     | Noticed Joseph
  2605 | D:10     | Killed Joseph
  2605 | D:10     | Reached skill level 5 in Conjurations
  2605 | D:10     | Reached skill level 6 in Invocations
  2637 | D:11     | Reached skill level 7 in Stealth
  2725 | D:10     | Reached XP level 11. HP: 30/81 MP: 4/22
  2933 | D:11     | Found a staircase to the Orcish Mines.
  2943 | D:11     | Noticed Nergalle
  2963 | D:11     | Reached ***** piety under Cheibriados
  2982 | D:12     | Noticed a white ugly thing
  2982 | D:12     | Noticed a deep elf mage
  2983 | D:12     | Gained mutation: You occasionally shout uncontrollably at your foes. [potion of mutation]
  2983 | D:12     | Gained mutation: You are weak. (Str -2) [potion of mutation]
  2983 | D:12     | Gained mutation: Your spells are a little easier to cast, but a little less powerful. [potion of mutation]
  2983 | D:12     | Gained mutation: Your flesh is cold resistant. (rC+) [potion of mutation]
  2984 | D:12     | Lost mutation: You occasionally shout uncontrollably at your foes. [potion of mutation]
  2984 | D:12     | Lost mutation: You are weak. (Str -2) [potion of mutation]
  2984 | D:12     | Gained mutation: Your mind is acute. (Int +2) [potion of mutation]
  2984 | D:12     | Gained mutation: You have sharp toenails. [potion of mutation]
  2990 | D:12     | Killed a white ugly thing
  2992 | D:12     | Killed a deep elf mage
  2992 | D:12     | Reached skill level 6 in Fighting
  2992 | D:12     | Reached skill level 6 in Short Blades
  2992 | D:12     | Reached skill level 6 in Long Blades
  2992 | D:12     | Reached skill level 6 in Axes
  2992 | D:12     | Reached skill level 6 in Maces & Flails
  2992 | D:12     | Reached skill level 6 in Polearms
  2992 | D:12     | Reached skill level 6 in Staves
  2992 | D:12     | Reached skill level 6 in Slings
  2992 | D:12     | Reached skill level 6 in Bows
  2992 | D:12     | Reached skill level 6 in Crossbows
  2992 | D:12     | Reached skill level 6 in Throwing
  2992 | D:12     | Reached skill level 6 in Armour
  2992 | D:12     | Reached skill level 6 in Shields
  2992 | D:12     | Reached skill level 6 in Unarmed Combat
  2992 | D:12     | Reached skill level 5 in Hexes
  2992 | D:12     | Reached skill level 5 in Charms
  2992 | D:12     | Reached skill level 5 in Summonings
  2992 | D:12     | Reached skill level 5 in Necromancy
  2992 | D:12     | Reached skill level 5 in Translocations
  2992 | D:12     | Reached skill level 5 in Transmutations
  2992 | D:12     | Reached skill level 5 in Ice Magic
  2992 | D:12     | Reached skill level 5 in Air Magic
  2992 | D:12     | Reached skill level 5 in Earth Magic
  2992 | D:12     | Reached skill level 5 in Poison Magic
  2992 | D:12     | Reached skill level 6 in Evocations
  3019 | D:12     | Noticed a two-headed ogre
  3022 | D:12     | Noticed a five-headed hydra
  3034 | D:12     | Noticed an unseen horror
  3039 | D:12     | Killed an unseen horror
  3039 | D:12     | Reached skill level 8 in Spellcasting
  3043 | D:12     | Killed from afar by an efreet

Skill      XL: |  1  2  3  4  5  6  7  8  9 10 11 |
---------------+----------------------------------+-----
Conjurations   | 2 3 4 5 |  5.5
Spellcasting   | 5 6 7 8 |  8.0
Invocations    | 1 2 3 4 5 6 |  6.7
Fighting       | 1 2 3 4 5 6 |  6.1
Short Blades   | 1 2 3 4 5 6 |  6.1
Long Blades    | 1 2 3 4 5 6 |  6.1
Axes           | 1 2 3 4 5 6 |  6.1
Maces & Flails | 1 2 3 4 5 6 |  6.1
Polearms       | 1 2 3 4 5 6 |  6.1
Staves         | 1 2 3 4 5 6 |  6.1
Slings         | 1 2 3 4 5 6 |  6.1
Bows           | 1 2 3 4 5 6 |  6.1
Crossbows      | 1 2 3 4 5 6 |  6.1
Throwing       | 1 2 3 4 5 6 |  6.1
Armour         | 1 2 3 4 5 6 |  6.1
Shields        | 1 2 3 4 5 6 |  6.1
Unarmed Combat | 1 2 3 4 5 6 |  6.1
Evocations     | 1 2 3 4 5 6 |  6.1
Hexes          | 1 2 3 4 5 |  5.0
Charms         | 1 2 3 4 5 |  5.0
Summonings     | 1 2 3 4 5 |  5.0
Necromancy     | 1 2 3 4 5 |  5.0
Translocations | 1 2 3 4 5 |  5.0
Transmutations | 1 2 3 4 5 |  5.0
Ice Magic      | 1 2 3 4 5 |  5.0
Air Magic      | 1 2 3 4 5 |  5.0
Earth Magic    | 1 2 3 4 5 |  5.0
Poison Magic   | 1 2 3 4 5 |  5.0
Dodging        | 5 6 7 |  7.7
Stealth        | 5 6 7 |  7.5
Fire Magic     | 6 7 |  7.5

Action                   |  1- 3 |  4- 6 |  7- 9 | 10-12 || total
-------------------------+-------+-------+-------+-------++-------
Melee: Dagger            |    25 |    10 |    78 |     9 ||   122
       Bite              |     3 |       |    15 |    24 ||    42
       Punch             |       |     1 |     2 |     1 ||     4
       Long sword        |       |       |    29 |    62 ||    91
       Unarmed           |       |       |     9 |       ||     9
 Cast: Flame Tongue      |    53 |    33 |    51 |    23 ||   160
       Sticky Flame      |       |     2 |    14 |    28 ||    44
       Throw Flame       |       |       |     3 |       ||     3
       Conjure Flame     |       |       |     5 |     1 ||     6
       Fireball          |       |       |       |     5 ||     5
Invok: Bend Time         |       |       |     2 |     2 ||     4
       Slouch            |       |       |       |     1 ||     1
Evoke: Wand              |       |       |    10 |     9 ||    19
  Use: Scroll            |       |       |     6 |     3 ||     9
       Potion            |       |       |     4 |     4 ||     8
 Stab: Sleeping          |     5 |     7 |     6 |    10 ||    28
       Paralysed         |       |       |     3 |       ||     3
  Eat: Chunk             |       |       |     1 |     2 ||     3
       Ration            |       |       |     1 |       ||     1
Armor: Robe              |     7 |     3 |    17 |    11 ||    38
       Skin              |       |       |    10 |       ||    10
Dodge: Dodged            |    29 |    21 |   112 |   103 ||   265
Block: Buckler           |       |       |       |    24 ||    24
       Shield            |       |       |       |     7 ||     7
       Rpst.: Long sword |       |       |     3 |    23 ||    26

Table legend:
 A = Turns spent in this place as a percentage of turns spent in the entire game.
 B = Non-inter-level travel turns spent in this place as a percentage of non-inter-level travel turns spent in the entire game.
 C = Inter-level travel turns spent in this place as a percentage of turns spent in this place.
 D = Turns resting spent in this place as a percentage of non-inter-level travel turns spent in this place.
 E = Turns spent auto-exploring this place as a percentage of non-inter-level travel turns spent in this place.
 F = Non-inter-level travel turns spent in this place divided by the number of levels of this place that you've seen.
                   A       B       C       D       E      F
               +-------+-------+-------+-------+-------+----------------------
         Total | 100.0 | 100.0 |   1.4 |   0.0 |   0.0 | 214.2
       Dungeon |  97.2 |  97.1 |   1.5 |   0.0 |   0.0 | 242.8
          Lair |   2.8 |   2.9 |   0.0 |   0.0 |   0.0 |  43.0
               +-------+-------+-------+-------+-------+----------------------

Table legend:
 A = Kills in this place as a percentage of kills in entire the game.
 B = Kills by you in this place as a percentage of kills by you in the entire game.
 C = Kills by friends in this place as a percentage of kills by friends in the entire game.
 D = Other kills in this place as a percentage of other kills in the entire game.
 E = Experience gained in this place as a percentage of experience gained in the entire game.
 F = Experience gained in this place divided by the number of levels of this place that you have seen.
                   A       B       C       D       E      F
               +-------+-------+-------+-------+-------+----------------------
         Total | 100.0 | 100.0 |   N/A |   N/A | 100.0 | 906.0
       Dungeon |  98.2 |  98.2 |   N/A |   N/A |  94.1 | 994.3
          Lair |   1.8 |   1.8 |   N/A |   N/A |   5.9 | 376.0
               +-------+-------+-------+-------+-------+----------------------

Vault maps used:
D:1:      lightli_arrival_noodles
D:2:      old_standard_altar
D:3:      lemuel_castle_with_subvaults, tgw_trog
D:4:      fedhas_altar_4
D:5:      first_ration
D:6:      grunt_dithmenos_smoke, kennysheep_vampire_church, basic_altar,
          uniq_eustachio
D:7:      lemuel_crystal_altar, gammafunk_temple_overflow_statue,
          minmay_temple_entry_trees, serial_shops,
          nicolae_shop_temple_entry_statues_fountains,
          nicolae_shop_competitors_out_of_business, shop_coins,
          kennysheep_little_box, grunt_decor_one_mirror, grunt_livestock
D:8:      marbit_many_paths, hangedman_decor_slide_cut
D:9:      kennysheep_mini, kennysheep_generic_room_4, uniq_psyche
D:10:     lair_entry_dummy, nicolae_benzene_ring, uniq_joseph
D:11:     david_orc_1_choice, uniq_nergalle
D:12:     uniq_snorg
Lair:1:   gammafunk_cloud_chamber, grunt_megastairs_2, lemuel_fruit_fields
Lair:2:   wad_woods_04, spider_nest_entry_funnel_web
